 Dungeon Crawl Stone Soup version bcrawl-1.36 (webtiles) character file.

Game seed: 9576316662297600687

11742184 Lazarus1551 the Eclecticist (level 17, -4/115 HPs)
             Began as a Djinni Conjurer on Apr 11, 2022.
             Was the Champion of Vehumet.
             Slain by a +0 halberd of flaming (15 damage)
             ... on level 2 of the Elven Halls.
             The game lasted 01:52:23 (23841 turns).

Lazarus1551 the Eclecticist (Djinni Conjurer)      Turns: 23841, Time: 01:52:24

Health: -4/115     AC: 12    Str: 11    XL:     17   Next: 47%
Magic:  39/58      EV: 13    Int: 36    God:    Vehumet [******]
Gold:   1650       SH: 11    Dex: 11    Spells: 8/57 levels left

rFire    + + +     SeeInvis .   O - +1 war axe of Eternal Harmony {chop, Int+4}
rCold    . . .     Gourm    .   z - +2 buckler {reflect}
rNeg     . . .     Faith    .   Z - +2 robe {RegenMP}
rPois    .         Spirit   .   h - +2 helmet {Int+3}
rElec    .         Reflect  +   s - +1 cloak {MR+}
rCorr    .         Rnd*Rage +   w - +1 pair of gloves
MR       ++...                  (boots unavailable)
Stlth    +++.......             d - +5 amulet of reflection
HPRegen  0.29/turn              S - ring "Pakh" {rF++ MP+9 Str-5 Int+6 Stlth+}
MPRegen  0.72/turn              F - +5 ring of strength

@: flying
A: never pass out, berserk 2, blink, blurry vision 2, fire resistance 1, frail
1, high mp 2, weak 1, wild magic 3, disrupted magic 1, MP-powered wands,
floating
}: 1/15 runes: decaying
a: Blink, Renounce Religion


You were on level 2 of the Elven Halls.
You worshipped Vehumet.
Vehumet was exalted by your worship.
You were hungry.

You visited 6 branches of the dungeon, and saw 25 of its levels.
You visited 1 bazaar.
You also visited: Gauntlet.

You collected 3121 gold pieces.
You spent 1471 gold pieces at shops.

Inventory:

Hand Weapons
 v - the +7 morningstar of Varelorr {chaos, Int+4 Stlth+}
   (You took it off a minotaur in a Gauntlet)

   Each time it hits an enemy it has a different, random effect.
   It affects your intelligence (+4).
   It makes you more stealthy.
 O - the +1 war axe of Eternal Harmony (weapon) {chop, Int+4}
   (You bought it in a shop on level 7 of the Dungeon)

   It will always inflict at least some extra damage.
   This minimum extra damage increases with your current reserve of magical
   power.
   It affects your intelligence (+4).
Missiles
 f - 645 poisoned tomahawks (quivered)
Armour
 h - a +2 helmet of intelligence (worn)
 s - a +1 cloak of magic resistance (worn)
 w - a +1 pair of gloves (worn)
 z - a +2 buckler of reflection (worn)
 Z - a +2 robe of magic recovery (worn)
Jewellery
 d - a +5 amulet of reflection (around neck)
 i - an uncursed ring of protection from cold
 y - the ring of the Robin {*Slow rPois rC+ Int+2 SInv}
   (You found it in a Gauntlet)

   [ring of protection from cold]

   It affects your intelligence (+2).
   It protects you from cold.
   It protects you from poison.
   It lets you see invisible.
   It may slow you when you take damage.
 D - an uncursed amulet of regeneration
 F - a +5 ring of strength (right hand)
 G - an uncursed ring of magical power
 K - an uncursed amulet of magic regeneration
 S - the ring "Pakh" (left hand) {rF++ MP+9 Str-5 Int+6 Stlth+}
   (You found it in a Gauntlet)

   [ring of intelligence]

   It affects your strength (-5).
   It affects your intelligence (+6).
   It greatly protects you from fire.
   It affects your magic capacity (+9).
   It makes you more stealthy.
Wands
 a - a wand of paralysis (5)
 c - a wand of iceblast (2)
 p - a wand of flame (80)
 t - a wand of polymorph (13)
 C - a wand of digging (14)
 E - a wand of random effects (12)
 N - a wand of disintegration (39)
 P - a wand of acid (19)
 Q - a wand of enslavement (20)
Scrolls
 b - 3 scrolls of fear
 k - 3 scrolls of blinking
 l - 12 scrolls of teleportation
 o - 9 scrolls of remove curse
 r - 4 scrolls of amnesia
 H - 4 scrolls of fog
 I - 5 scrolls of immolation
 L - 3 scrolls of brand weapon
 M - a scroll of enchant weapon
 R - a scroll of magic mapping
 V - a scroll of enchant armour
 X - a scroll of summoning
Potions
 g - 6 potions of might
 j - 8 potions of brilliance
 m - 3 potions of magic
 n - 3 potions of mutation
 q - a potion of agility
 u - 7 potions of curing
 x - 5 potions of heal wounds
 J - 6 potions of flight
 T - 3 potions of invisibility
 U - 2 potions of cancellation
 W - 4 potions of ambrosia
Miscellaneous
 A - 2 boxes of beasts
 B - a fan of gales (2/2)
 Y - a lamp of fire
Comestibles
 e - 47 rations {!d}


   Skills:
 - Level 5.8 Fighting
 - Level 3.9 Axes
 - Level 5.0 Throwing
 - Level 7.3 Armour
 - Level 5.9 Dodging
 - Level 1.5 Stealth
 - Level 0.6 Shields
 - Level 1.3 Unarmed Combat
 - Level 20.5 Spellcasting
 - Level 17.1 Conjurations
 - Level 4.2 Hexes
 - Level 8.2 Transmutations
 + Level 15.6 Fire Magic
 - Level 1.0 Air Magic
 - Level 1.8 Earth Magic
 - Level 10.2 Evocations


You had 8 spell levels left.
You knew the following spells:

 Your Spells              Type           Power        Failure   Level  Hunger
a - Magic Dart            Conj           ####         1%          1    None
b - Searing Ray           Conj           ########     1%          2    None
c - Irradiate             Conj/Tmut      ########..   1%          5    None
d - Shock                 Conj/Air       #####        1%          1    None
e - Flame Tongue          Conj/Fire      #####        1%          1    None
f - Fulminant Prism       Conj/Hex       ########..   1%          4    None
g - Stone Arrow           Conj/Erth      ######       1%          3    None
h - Iskenderun's Mystic   Conj           ########     1%          3    None
i - Fireball              Conj/Fire      ########..   1%          5    None
j - Confuse               Hex            #######.     11%         3    None
k - Bolt of Fire          Conj/Fire      ########..   1%          6    None
l - Ignition              Fire           ########..   19%         8    ####...
m - Orb of Destruction    Conj           ########..   3%          7    None

Your spell library contained the following spells:

 Spells                   Type           Power        Failure   Level  Hunger
 Throw Frost              Conj/Ice       ######       1%          2    None
 Conjure Flame            Conj/Fire      ########     1%          3    None
 Sticky Flame             Conj/Fire      ########     1%          4    None
 Mephitic Cloud           Conj/Pois/Air  ########     2%          3    None
 Bolt of Magma            Conj/Fire/Erth ########..   2%          5    None
 Yara's Violent Unravell  Hex/Tmut       ########..   3%          4    None
 Lightning Bolt           Conj/Air       ########..   3%          5    None
 Venom Bolt               Conj/Pois      ########..   3%          5    None
 Dazzling Orbs            Conj/Hex       #######      4%          3    None
 Spider Form              Tmut/Pois      ###          11%         3    None
 Bolt of Cold             Conj/Ice       ########..   11%         6    None
 Poison Arrow             Conj/Pois      ########..   11%         6    None
 Tree Form                Hex/Tmut       N/A          13%         4    None
 Summon Small Mammal      Summ           ####         14%         1    None
 Petrify                  Tmut/Erth      #######...   17%         4    None
 Blink                    Tloc           N/A          19%         2    None
 Call Imp                 Summ           ######       19%         2    None
 Corpse Rot               Necr           N/A          19%         2    None
 Mana Rupture             Conj/Hex       ########..   19%         7    None
 Call Canine Familiar     Summ           ######..     28%         3    None
 Icicle Burst             Conj/Ice       ########..   32%         7    None
 Summon Ice Beast         Ice/Summ       ######..     54%         4    None
 Metabolic Englaciation   Hex/Ice        #######...   58%         5    None
 Freezing Cloud           Ice/Air        ######....   73%         6    None
 Summon Lightning Spire   Summ/Air       ######..     75%         5    None
 Ozocubu's Refrigeration  Ice            ######....   80%         6    None
 Chain Lightning          Conj/Air       ########..   80%         8    ####...
 Summon Forest            Summ/Tloc      ######....   82%         5    None
 Simulacrum               Ice/Necr       ######....   99%         6    None
 Summon Hydra             Summ           ######....   99%         6    None
 Tornado                  Tloc/Air       ######....   100%        8    ####...
 Shatter                  Erth           #######...   100%        9    #####..


Dungeon Overview and Level Annotations

Branches:
Dungeon (12/12)            Temple (1/1) D:7            Lair (6/6) D:9
  Swamp (3/3) Lair:2       Spider (0/3) Lair:4        Slime (0/5) Lair:6
    Orc (1/1) D:9             Elf (2/3) Orc          Vaults (0/3) D:11
 Depths (0/5) D:12

Altars:
Ashenzari
Cheibriados
Dithmenos
Elyvilon
Fedhas
Gozag
Hepliaklqana
Kikubaaqudgha
Lugonu
Makhleb
Nemelex Xobeh
Okawaru
Qazlal
Ru
Sif Muna
Trog
Uskayaw
Vehumet
Wu Jian
Xom
Yredelemnul
Zin
The Shining One
Beogh
Jiyva

Shops:
D:7 (   D:12 [   Orc :*(=   Elf:1 }==   Elf:2 :

Annotations:
D:2 1 runed door


Innate Abilities, Weirdness & Mutations

You never pass out after going berserk.
You often lose your temper in combat.
You can translocate small distances at will.
Scrolls take you longer to read.
Your flesh is heat resistant. (rF+)
You have a considerably increased reservoir of magic. (+20% MP)
Your spells are much harder to cast, but much more powerful.
Your casting is slightly disrupted.
You expend magic power (3 MP) to strengthen your wands.
Your body floats in the air.
You are frail. (-10% HP)
You are weak. (Str -2)


Message History

The +0 halberd of flaming is severely damaged.
The +0 halberd of flaming hits you from afar!!
* * * LOW HITPOINT WARNING * * *
The +0 halberd of flaming burns you.
* * * LOW HITPOINT WARNING * * *
Casting: Fireball (safe; 1% risk of failure)
Confirm with . or Enter, or press ? or * to list all spells.
Aiming: Fireball (safe; 1% risk of failure)
Press: ? - help, Shift-Dir - straight line, f/p - +0 halberd of flaming
Aim: a +0 halberd of flaming (heavily damaged)
The fireball explodes!
The fireball engulfs the +0 halberd of flaming!
The +0 halberd of flaming resists.
The +0 halberd of flaming is almost destroyed.
The fireball engulfs the deep elf mage!!!
You kill the deep elf mage!
Vehumet accepts your kill.
You feel your power returning.
The +0 halberd of flaming hits you from afar!
You die...

##....#######
##....)).⌠..##
#####...)....## #
#.....)...## ##
#..........## .##
#⌠).........##
..###............#
...
...##..........⌠.#
....
)..###..........@#
#.... ...#
##..........#
..... ..##
##........(#
...... .##
##..⌠....)##......
##
##.......).......
#######)')......
#.........
...........
#...)........


You could see a +0 halberd of flaming.

Vanquished Creatures
  the Lernaean hydra (Swamp:3)
  Nikola (Swamp:1)
  2 thorn hunters
  Donald (Swamp:1)
  2 deep elf sorcerers (Elf:1)
  Louise (Swamp:2)
  Aizul (Swamp:1)
  A deep elf demonologist (Elf:1)
  A deep elf annihilator (Elf:1)
  A minotaur (Gauntlet)
  A fire dragon (D:12)
  A deep elf high priest (Elf:2)
  An ice dragon (D:12)
  Josephine (D:12)
  19 hydras
  3 centaur warriors (D:11)
  A catoblepas (Lair:6)
  13 dancing weapons
  2 two-headed ogres (D:11)
  2 shambling mangroves (Swamp:2)
  A tengu warrior (D:10)
  8 death yaks
  6 alligators
  4 orc high priests (Orc)
  Nergalle (Lair:2)
  12 deep elf knights
  Sonja (D:12)
  A fire crab (Lair:5)
  12 spriggans (Swamp:2)
  A goliath frog (Swamp:3)
  A death drake (Swamp:1)
  5 spriggan druids
  5 deep elf archers (Elf:1)
  9 swamp dragons
  2 cyclopes
  4 wizards
  Pikel (D:8)
  A lindwurm (Lair:3)
  44 deep elf magi
  An orc knight (D:9)
  2 oklob plants
  An orc sorcerer (Orc)
  A wolf spider (Lair:6)
  7 ugly things
  A guardian serpent (Lair:6)
  2 manticores
  A centaur zombie (D:11)
  9 elephants
  8 black mambas
  An ice statue (Gauntlet)
  2 centaur skeletons (D:12)
  2 gargoyles
  25 cane toads
  8 rime drakes
  3 flying skulls (Gauntlet)
  An efreet (D:11)
  11 komodo dragons
  A yaktaur (D:10)
  7 trolls
  2 polar bears (Lair:6)
  11 tyrant leeches
  Grinder (D:5)
  19 hornets
  5 bog bodies
  21 blink frogs
  20 hippogriffs
  4 slime creatures (D:12)
  7 dream sheep (Lair:5)
  2 meliai zombies
  Prince Ribbit (D:5)
  2 redbacks (Lair:6)
  A vampire (D:12)
  A water elemental (Elf:2)
  18 wyverns
  52 yaks
  3 wraiths (D:12)
  Eustachio (D:6)
  9 basilisks
  2 hungry ghosts
  7 vampire mosquitoes
  11 swamp worms
  A warg (Orc)
  9 crocodiles
  16 water moccasins
  5 porcupines
  Duvessa (D:7)
  19 orc warriors
  2 phantoms (D:5)
  12 swamp drakes
  2 ice beasts
  A black bear (D:10)
  A hornet zombie (D:10)
  2 sky beasts
  6 wolves (Lair:5)
  7 ogres
  3 centaurs
  5 bullfrogs
  An earth elemental (Elf:2)
  A gnoll sergeant (D:8)
  Dowan (D:7)
  4 scorpions
  4 wights (D:9)
  6 killer bees (D:11)
  An electric eel (Lair:5)
  5 howler monkeys
  25 orc priests
  3 crimson imps
  3 bullfrog zombies
  A quasit (D:11)
  4 jellies
  4 hounds
  A bullfrog skeleton (D:6)
  4 iguanas
  Jessica (D:3)
  Ijyb (D:3)
  24 orc wizards
  8 worker ants
  A worker ant zombie (D:9)
  Robin (D:2)
  7 gnolls
  14 adders
  5 shadow imps
  3 white imps (Gauntlet)
  An adder skeleton (D:5)
  3 worms
  3 dart slugs
  3 leopard geckos
  56 orcs
  9 bats
  2 giant cockroaches (D:2)
  7 goblins
  12 hobgoblins
  15 jackals
  7 kobolds
  6 quokkas
  A frilled lizard (D:1)
  5 rats
  5 fungi (Lair:6)
  2 plants
831 creatures vanquished.

Vanquished Creatures (collateral kills)
  A yak (Lair:3)
1 creature vanquished.

Vanquished Creatures (others)
  A yak (Lair:3)
  A quokka (D:7)
  56 fulminant prisms
  2 fungi
  14 plants
74 creatures vanquished.

Grand Total: 906 creatures vanquished

Notes
Turn   | Place    | Note
-------+----------+-------------------------------------------
     0 | D:1      | Lazarus1551 the Djinni Conjurer began the quest for the
                  | Orb.
     0 | D:1      | Reached XP level 1. HP: 14/14 MP: 4/4
    67 | D:1      | Noticed a seven-headed hydra
    67 | D:1      | Noticed a lindwurm
    67 | D:1      | Noticed a redback
    68 | D:1      | Noticed an iguana
    68 | D:1      | Noticed a black mamba
   218 | D:1      | Reached XP level 2. HP: 20/20 MP: 0/6
   286 | D:1      | Reached skill level 5 in Conjurations
   726 | D:1      | Reached XP level 3. HP: 26/26 MP: 4/7
  1400 | D:2      | Gained mutation: Your spells are harder to cast, but more
                  | powerful. [Djinni growth]
  1400 | D:2      | Gained mutation: You can translocate small distances at
                  | will. [Djinni growth]
  1400 | D:2      | Reached XP level 4. HP: 34/34 MP: 6/9
  1592 | D:2      | Reached skill level 4 in Spellcasting
  1691 | D:2      | Noticed Robin
  1697 | D:2      | Killed Robin
  1870 | D:2      | Found a runed door.
  2084 | D:3      | Learned a level 2 spell: Searing Ray
  2178 | D:3      | Reached skill level 1 in Fighting
  2178 | D:3      | Reached XP level 5. HP: 40/40 MP: 4/11
  2359 | D:3      | Noticed Ijyb
  2365 | D:3      | Killed Ijyb
  2647 | D:3      | Found a hide-covered altar of Uskayaw.
  2647 | D:3      | Found an opulent altar of Gozag.
  2737 | D:3      | Noticed Jessica
  2742 | D:3      | Killed Jessica
  2743 | D:3      | Reached skill level 5 in Spellcasting
  2930 | D:4      | Noticed an ogre
  2990 | D:4      | Killed an ogre
  2991 | D:4      | Reached XP level 6. HP: 47/47 MP: 8/14
  3050 | D:4      | Reached skill level 6 in Spellcasting
  3264 | D:4      | Reached skill level 1 in Unarmed Combat
  3306 | D:4      | Noticed a sky beast
  3312 | D:4      | Killed a sky beast
  3313 | D:4      | Reached XP level 7. HP: 43/52 MP: 8/16
  3582 | D:4      | Reached skill level 7 in Spellcasting
  3586 | D:4      | Reached skill level 1 in Throwing
  3939 | D:5      | Entered Level 5 of the Dungeon
  4312 | D:5      | Noticed Prince Ribbit
  4319 | D:5      | Killed Prince Ribbit
  4320 | D:5      | Reached skill level 8 in Spellcasting
  4320 | D:5      | Gained mutation: Your spells are much harder to cast, but
                  | much more powerful. [Djinni growth]
  4320 | D:5      | Reached XP level 8. HP: 19/61 MP: 14/20
  4698 | D:5      | Reached skill level 1 in Armour
  4698 | D:5      | Reached skill level 1 in Evocations
  4791 | D:5      | Noticed Grinder
  4825 | D:5      | Killed Grinder
  4869 | D:5      | Reached skill level 9 in Spellcasting
  4985 | D:6      | Noticed Eustachio
  4992 | D:6      | Killed Eustachio
  4993 | D:6      | Reached XP level 9. HP: 67/67 MP: 3/22
  5387 | D:6      | Noticed a brown ugly thing
  5406 | D:6      | Killed a brown ugly thing
  5746 | D:7      | Reached skill level 10 in Spellcasting
  5746 | D:7      | Reached skill level 5 in Evocations
  5874 | D:7      | Found a staircase to the Ecumenical Temple.
  5885 | Temple   | Entered the Ecumenical Temple
  6393 | Temple   | Became a worshipper of Vehumet
  6745 | D:7      | Noticed Duvessa
  6745 | D:7      | Noticed Dowan
  6759 | D:7      | Killed Duvessa
  6760 | D:7      | Killed Dowan
  6818 | D:7      | Found a white marble altar of Elyvilon.
  6909 | D:7      | Found a stormy altar of Qazlal.
  7223 | D:7      | Found Ezxij's Antique Weapon Emporium.
  7245 | D:7      | Bought a brightly glowing war axe for 178 gold pieces
  7245 | D:7      | Identified the cursed +1 war axe of Eternal Harmony {chop,
                  | Int+4} (You bought it in a shop on level 7 of the Dungeon)
  7451 | D:8      | Reached XP level 10. HP: 74/74 MP: 19/24
  7931 | D:8      | Learned a level 5 spell: Irradiate
  8183 | D:8      | Noticed Pikel
  8189 | D:8      | Killed Pikel
  8190 | D:8      | Reached skill level 5 in Armour
  8190 | D:8      | Reached skill level 10 in Conjurations
  8190 | D:8      | Reached skill level 1 in Transmutations
  8315 | D:9      | Reached * piety under Vehumet
  8315 | D:9      | Offered knowledge of Shock by Vehumet.
  8319 | D:9      | Found a staircase to the Orcish Mines.
  8328 | D:9      | Learned a level 1 spell: Shock
  8334 | D:9      | Found a roughly hewn altar of Beogh.
  8549 | D:9      | Noticed a death yak
  8551 | D:9      | Noticed a death yak
  8557 | D:9      | Killed a death yak
  8558 | D:9      | Reached skill level 1 in Axes
  8560 | D:9      | Killed a death yak
  8560 | D:9      | Noticed a death yak
  8561 | D:9      | Noticed a death yak
  8562 | D:9      | Noticed a death yak
  8685 | D:9      | Noticed an orc knight
  8744 | D:9      | Found a staircase to the Lair.
  8763 | D:9      | Killed an orc knight
  8764 | D:9      | Reached skill level 11 in Spellcasting
  8837 | D:9      | Offered knowledge of Flame Tongue by Vehumet.
  8861 | D:9      | Learned a level 1 spell: Flame Tongue
  8903 | D:9      | Reached ** piety under Vehumet
  9245 | D:9      | Killed a death yak
  9246 | D:9      | Reached XP level 11. HP: 82/82 MP: 21/26
  9254 | D:9      | Killed a death yak
  9257 | D:9      | Killed a death yak
  9350 | D:10     | Entered Level 10 of the Dungeon
  9350 | D:10     | Found an ornate altar of the Wu Jian Council.
  9385 | D:10     | Noticed a white ugly thing
  9453 | D:10     | Killed a white ugly thing
  9454 | D:10     | Reached skill level 5 in Throwing
  9547 | D:10     | Noticed a deep elf mage
  9572 | D:10     | Learned a level 4 spell: Fulminant Prism
  9575 | D:10     | Killed a deep elf mage
  9805 | D:10     | Noticed a tengu warrior
  9813 | D:10     | Killed a tengu warrior
  9814 | D:10     | Reached skill level 1 in Hexes
  9891 | D:10     | Reached skill level 1 in Fire Magic
  9903 | D:10     | Offered knowledge of Stone Arrow by Vehumet.
  9904 | D:10     | Reached skill level 5 in Transmutations
 10105 | D:10     | Reached *** piety under Vehumet
 10107 | D:10     | Reached skill level 1 in Air Magic
 10198 | D:11     | Noticed a deep elf mage
 10198 | D:11     | Noticed a purple ugly thing
 10317 | Lair:1   | Entered Level 1 of the Lair of Beasts
 10354 | Lair:1   | Gained mutation: Your casting is slightly disrupted.
                  | [Djinni growth]
 10354 | Lair:1   | Gained mutation: Your flesh is heat resistant. (rF+)
                  | [Djinni growth]
 10354 | Lair:1   | Gained mutation: You have an increased reservoir of magic.
                  | (+10% MP) [Djinni growth]
 10354 | Lair:1   | Gained mutation: You have a considerably increased
                  | reservoir of magic. (+20% MP) [Djinni growth]
 10354 | Lair:1   | Reached XP level 12. HP: 51/91 MP: 2/33
 10452 | Lair:1   | Learned a level 3 spell: Stone Arrow
 10456 | Lair:1   | Learned a level 3 spell: Iskenderun's Mystic Blast
 10476 | Lair:1   | Offered knowledge of Inner Flame by Vehumet.
 10477 | Lair:1   | Reached skill level 12 in Spellcasting
 10784 | Lair:1   | Noticed a seven-headed hydra
 10794 | Lair:1   | Killed a seven-headed hydra
 11064 | Lair:2   | Found a staircase to the Swamp.
 11082 | Lair:2   | Noticed Nergalle
 11091 | Lair:2   | Killed Nergalle
 11930 | Lair:3   | Reached **** piety under Vehumet
 11936 | Lair:3   | Offered knowledge of Fireball by Vehumet.
 11957 | Lair:3   | Reached skill level 13 in Spellcasting
 11957 | Lair:3   | Reached skill level 10 in Evocations
 11987 | Lair:3   | Reached XP level 13. HP: 26/99 MP: 3/36
 11990 | Lair:3   | HP: 1/99 [yak (13)]
 12102 | Lair:3   | Found a frozen archway.
 12179 | Lair:3   | Found a gate leading to a gauntlet.
 12190 | Gauntlet | Entered a Gauntlet
 12190 | Gauntlet | Found a transporter.
 12190 | Gauntlet | Found a transporter.
 12223 | Gauntlet | Found a transporter.
 12225 | Gauntlet | Found a transporter.
 12233 | Gauntlet | Found a transporter.
 12237 | Gauntlet | Found a transporter.
 12247 | Gauntlet | Found a transporter.
 12268 | Gauntlet | Found a transporter.
 12285 | Gauntlet | Found a transporter.
 12289 | Gauntlet | Found a transporter.
 12299 | Gauntlet | Found a transporter.
 12303 | Gauntlet | Found a transporter.
 12423 | Gauntlet | Learned a level 5 spell: Fireball
 12509 | Gauntlet | Got a faintly glowing ivory ring
 12528 | Gauntlet | Reached skill level 5 in Fighting
 12547 | Gauntlet | Got a slimy steel ring
 12551 | Gauntlet | Identified the ring of the Robin {*Slow rPois rC+ Int+2
                  | SInv} (You found it in a Gauntlet)
 12553 | Gauntlet | Identified the ring "Pakh" {rF++ MP+9 Str-5 Int+6 Stlth+}
                  | (You found it in a Gauntlet)
 12582 | Gauntlet | Identified the +7 morningstar of Varelorr {chaos, Int+4
                  | Stlth+}
 12582 | Gauntlet | Noticed a minotaur
 12593 | Gauntlet | Killed a minotaur
 13266 | Lair:4   | Found a hole to the Spider Nest.
 13288 | Lair:4   | Reached skill level 5 in Dodging
 13306 | Lair:4   | Reached ***** piety under Vehumet
 13306 | Lair:4   | Offered knowledge of Bolt of Draining by Vehumet.
 13316 | Lair:4   | Reached skill level 14 in Spellcasting
 13472 | Lair:4   | Reached skill level 5 in Fire Magic
 13583 | Lair:4   | Reached skill level 1 in Earth Magic
 14088 | Lair:5   | Reached skill level 15 in Spellcasting
 14114 | Lair:5   | Reached XP level 14. HP: 63/107 MP: 31/39
 14123 | Lair:5   | Gained mutation: You are frail. (-10% HP) [mutagenic glow]
 14160 | Lair:5   | Gained mutation: You are weak. (Str -2) [mutagenic glow]
 15135 | Lair:6   | Entered Level 6 of the Lair of Beasts
 15162 | Lair:6   | Offered knowledge of Conjure Ball Lightning by Vehumet.
 15480 | Lair:6   | Reached skill level 16 in Spellcasting
 15929 | Lair:6   | Found a staircase to the Slime Pits.
 15929 | Lair:6   | Found a viscous altar of Jiyva.
 16625 | Lair:6   | Got a smoking ruby amulet
 16627 | Lair:6   | Identified the cursed amulet of Hethresk {Inacc MR+} (You
                  | found it on level 6 of the Lair of Beasts)
 16832 | Orc      | Entered the Orcish Mines
 16846 | Orc      | Found a staircase to the Elven Halls.
 16914 | Orc      | Offered knowledge of Venom Bolt by Vehumet.
 16915 | Orc      | Reached skill level 17 in Spellcasting
 16930 | Orc      | Found Haeteeg's Weapon Boutique.
 16930 | Orc      | Found Cagiycs's Jewellery Boutique.
 16935 | Orc      | Found Sonefute's Book Shop.
 16935 | Orc      | Found Saaphu's Assorted Antiques.
 16958 | Orc      | Found a flickering gateway to a bazaar.
 16975 | Bazaar   | Entered a bazaar
 16975 | Bazaar   | Found Owkymos's Jewellery Shop.
 16977 | Bazaar   | Found Zaij's Assorted Antiques.
 16992 | Bazaar   | Found Teihieh's Weapon Shop.
 17000 | Bazaar   | Found Inog's Assorted Antiques.
 17013 | Bazaar   | Found Teas's Armour Boutique.
 17025 | Bazaar   | Bought a +2 helmet of intelligence for 344 gold pieces
 17128 | Bazaar   | Bought a potion of curing for 40 gold pieces
 17152 | Bazaar   | Bought a shimmering long sword for 204 gold pieces
 17159 | Bazaar   | Identified the cursed +1 long sword of the Wilderness
                  | {pain, Str+3} (You bought it in a shop in a bazaar)
 17231 | Orc      | Found a roughly hewn altar of Beogh.
 18018 | Swamp:1  | Entered Level 1 of the Swamp
 18027 | Swamp:1  | Learned a level 3 spell: Confuse
 18136 | Swamp:1  | Noticed Donald
 18144 | Swamp:1  | Killed Donald
 18147 | Swamp:1  | Reached XP level 15. HP: 81/101 MP: 38/43
 18161 | Swamp:1  | Noticed Nikola
 18169 | Swamp:1  | Killed Nikola
 18354 | Swamp:1  | Noticed Aizul
 18362 | Swamp:1  | Killed Aizul
 19135 | Swamp:2  | Reached skill level 15 in Conjurations
 19135 | Swamp:2  | Noticed Louise
 19140 | Swamp:2  | Killed Louise
 19147 | Swamp:2  | Noticed a thorn hunter
 19155 | Swamp:2  | Killed a thorn hunter
 19341 | Swamp:2  | Reached skill level 18 in Spellcasting
 19685 | Swamp:3  | Entered Level 3 of the Swamp
 19707 | Swamp:3  | Offered knowledge of Bolt of Fire by Vehumet.
 19736 | Swamp:3  | Noticed a thorn hunter
 19739 | Swamp:3  | Killed a thorn hunter
 19747 | Swamp:3  | Learned a level 6 spell: Bolt of Fire
 19830 | Swamp:3  | Noticed the 27-headed Lernaean hydra
 19839 | Swamp:3  | Reached skill level 19 in Spellcasting
 19840 | Swamp:3  | Killed the 27-headed Lernaean hydra
 19841 | Swamp:3  | Reached XP level 16. HP: 108/108 MP: 47/47
 19912 | Swamp:3  | Got a decaying rune of Zot
 20042 | Swamp:3  | Identified the Papyrus of the Volcanoes
 20674 | D:11     | Reached skill level 20 in Spellcasting
 20801 | D:11     | Reached skill level 10 in Fire Magic
 20884 | D:11     | Reached ****** piety under Vehumet
 20884 | D:11     | Offered knowledge of Iron Shot by Vehumet.
 21243 | D:11     | Found a gate to the Vaults.
 21521 | D:12     | Entered Level 12 of the Dungeon
 21730 | D:12     | Noticed Josephine
 21735 | D:12     | Killed Josephine
 21755 | D:12     | Noticed Sonja
 21758 | D:12     | Killed Sonja
 22036 | D:12     | Found a staircase to the Depths.
 22163 | D:12     | Found Gewiqiuj's Armour Boutique.
 22324 | Elf:1    | Entered Level 1 of the Elven Halls
 22425 | Elf:1    | Found a shimmering blue altar of Sif Muna.
 22627 | Elf:1    | Identified the Volume of Combat Magic
 22682 | Elf:1    | Offered knowledge of Orb of Destruction by Vehumet.
 22685 | Elf:1    | Reached XP level 17. HP: 69/115 MP: 48/49
 23012 | Elf:1    | Found Kiphol's Jewellery Emporium.
 23013 | Elf:1    | Found Arphuylai's Gadget Shop.
 23014 | Elf:1    | Found Eclint's Jewellery Emporium.
 23026 | Elf:1    | Bought a +5 amulet of reflection for 705 gold pieces
 23222 | Elf:2    | Found Jiarul's Book Boutique.
 23411 | Elf:2    | Found a runed gate.
 23412 | Elf:2    | Found a runed gate.
 23412 | Elf:2    | Found a runed gate.
 23432 | Elf:2    | Reached skill level 15 in Fire Magic
 23810 | Elf:2    | Learned a level 8 spell: Ignition
 23821 | Elf:2    | Learned a level 7 spell: Orb of Destruction
 23841 | Elf:2    | Slain by a +0 halberd of flaming

Skill      XL: |  1  2  3  4  5  6  7  8  9 10 11 12 13 14 15 16 17 |
---------------+----------------------------------------------------+-----
Conjurations   | 5 6 7 8 9 10 12 13 14 16 17 | 17.1
Spellcasting   | 4 5 6 8 9 10 11 13 15 17 19 20 | 20.5
Fighting       | 1 2 3 4 5 |  5.8
Unarmed Combat | 1 |  1.3
Throwing       | 1 2 3 4 5 |  5.0
Armour         | 2 4 5 6 7 |  7.3
Evocations     | 3 5 7 8 10 | 10.2
Dodging        | 3 4 5 |  5.9
Transmutations | 3 5 7 8 |  8.2
Axes           | 2 3 |  3.9
Hexes          | 1 2 3 4 |  4.2
Fire Magic     | 1 2 6 9 12 15 | 15.6
Air Magic      | 1 |  1.0
Earth Magic    | 1 |  1.8
Stealth        | |  1.5
Shields        | |  0.6

Action                   |  1- 3 |  4- 6 |  7- 9 | 10-12 | 13-15 | 16-18 || total
-------------------------+-------+-------+-------+-------+-------+-------++-------
Melee: Unarmed           |     2 |     2 |       |       |     1 |       ||     5
       Dagger            |       |    17 |    15 |       |       |       ||    32
       War axe           |       |       |     4 |    44 |     7 |     2 ||    57
       Punch             |       |       |     1 |       |       |       ||     1
Throw: Tomahawk          |     5 |     8 |    25 |    18 |     4 |       ||    60
 Cast: Magic Dart        |    72 |    83 |    97 |    41 |     5 |       ||   298
       Searing Ray       |       |     8 |    42 |    66 |     9 |       ||   125
       Flame Tongue      |       |       |       |    30 |    33 |       ||    63
       Shock             |       |       |       |    13 |     3 |       ||    16
       Irradiate         |       |       |       |    11 |    24 |    15 ||    50
       Fulminant Prism   |       |       |       |    13 |    42 |     1 ||    56
       Iskenderun's Myst |       |       |       |    26 |   354 |   224 ||   604
       Stone Arrow       |       |       |       |     5 |    11 |       ||    16
       Fireball          |       |       |       |       |    45 |    34 ||    79
       Bolt of Fire      |       |       |       |       |     8 |    45 ||    53
       Orb of Destructio |       |       |       |       |       |     1 ||     1
 Abil: Blink             |       |       |       |     1 |     1 |       ||     2
Evoke: Wand              |       |       |       |     3 |     1 |       ||     4
  Use: Scroll            |       |     4 |       |    17 |     9 |       ||    30
       Potion            |       |     1 |       |     2 |     5 |       ||     8
  Eat: Chunk             |     3 |     9 |    21 |    19 |    25 |    10 ||    87
       Ration            |       |       |       |       |     2 |     1 ||     3
Armor: Robe              |     7 |     7 |     1 |       |    47 |     6 ||    68
       Ring mail         |       |       |    28 |    66 |    11 |       ||   105
Dodge: Dodged            |    12 |    19 |    53 |    91 |    65 |    24 ||   264
Block: Buckler           |       |       |       |       |       |    18 ||    18
       Reflection        |       |       |       |       |       |     5 ||     5
